 Dungeon Crawl Stone Soup version 0.30-a0-782-ge64f9170bb (webtiles) character file.

Game seed: 6997446018209370980

5420 gruber the Covert (level 10, -4/56 HPs)
             Began as a Vine Stalker Fighter on Feb 28, 2023.
             Was an Elder of Uskayaw.
             Slain by a death yak (13 damage)
             ... on level 8 of the Dungeon.
             The game lasted 00:09:18 (6322 turns).

gruber the Covert (Vine Stalker Fighter)            Turns: 6322, Time: 00:09:19

Health: -4/56      AC: 13    Str: 18    XL:     10   Next: 67%
Magic:  0/11       EV: 17    Int:  8    God:    Uskayaw [****..]
Gold:   506        SH:  5    Dex: 19    Spells: 9/9 levels left

rFire   + . .      SeeInvis .    h - +1 dagger (elec)
rCold   . . .      Faith    .    c - +0 buckler
rNeg    . . .      Spirit   +    x - +3 ring mail
rPois   .          Reflect  .    l - +0 helmet
rElec   .          Harm     .    K - +2 cloak {Will+}
rCorr   .          Rampage  .    (no gloves)
Will    ++...                    (no boots)
Stlth   ++++                     (no amulet)
HPRegen 1.09/turn                o - +5 ring of evasion
MPRegen 0.12/turn                t - ring of protection from fire

@: mighty
A: fangs 3, regeneration 1, magic shield, antimagic bite, no potion heal 2
a: Renounce Religion, Stomp, Line Pass


You were on level 8 of the Dungeon.
You worshipped Uskayaw.
Uskayaw was noncommittal.
You visited 2 branches of the dungeon, and saw 9 of its levels.
You also visited: Ossuary and Bailey.

You collected 506 gold pieces.

Inventory:

Hand Weapons
 h - a +1 dagger of electrocution (weapon)
 D - a +1 dagger of speed
Armour
 c - a +0 buckler (worn)
 l - a +0 helmet (worn)
 w - a +1 chain mail of cold resistance
 x - a +3 ring mail (worn)
 y - +0 acid dragon scales
 K - a +2 cloak of willpower (worn)
Jewellery
 o - a +5 ring of evasion (left hand)
 t - a ring of protection from fire (right hand)
 A - a ring of poison resistance
Wands
 r - a wand of digging (10)
 I - a wand of roots (3)
 J - a wand of flame (11)
Scrolls
 f - 9 scrolls of identify {unknown}
 g - 3 scrolls of vulnerability {unknown}
 i - 3 scrolls of brand weapon {unknown}
 j - a scroll of poison {unknown}
 n - 4 scrolls of teleportation {unknown}
 q - 2 scrolls of enchant armour {unknown}
 v - 2 scrolls of enchant weapon {unknown}
 z - a scroll of amnesia {unknown}
 B - 2 scrolls of blinking {unknown}
 E - 2 scrolls of noise {unknown}
Potions
 a - 6 potions of invisibility {unknown}
 b - 2 potions of resistance
 d - 5 potions of might
 e - 6 potions of mutation {unknown}
 k - 3 potions of degeneration {unknown}
 m - 4 potions of brilliance {unknown}
 p - 3 potions of attraction {unknown}
 s - 3 potions of magic {unknown}
 u - 3 potions of heal wounds {unknown}
 C - 4 potions of haste {unknown}
 F - a potion of lignification {unknown}
 G - a potion of cancellation {unknown}
 H - a potion of berserk rage {unknown}


   Skills:
 - Level 8.0 Fighting
 - Level 8.1 Short Blades
 - Level 5.0 Armour
 * Level 3.5 Dodging
 - Level 9.5 Stealth
 - Level 2.6 Shields


You had 9 spell levels left.
You didn't know any spells.
Your spell library contained the following spells:

 Spells                   Type           Power      Damage    Failure   Level
 Magic Dart               Conj           0%         1d3       69%         1
 Summon Small Mammal      Summ           0%         N/A       69%         1
 Searing Ray              Conj           0%         2d4       83%         2
 Call Canine Familiar     Summ           0%         N/A       96%         3
 Ozocubu's Armour         Ice            0%         N/A       96%         3
 Summon Guardian Golem    Hex/Summ       0%         N/A       96%         3
 Fulminant Prism          Conj/Hex       0%         3d5       100%        4
 Metabolic Englaciation   Hex/Ice        0%         N/A       100%        5
 Simulacrum               Ice/Necr       0%         N/A       100%        6
 Ozocubu's Refrigeration  Ice            0%         4d7       100%        7


Dungeon Overview and Level Annotations

Branches:
Dungeon (8/15)             Temple (1/1) D:7         Ossuary (visited)
 Bailey (visited)
   Lair: D:8-11

Altars:
Ashenzari
Gozag
Kikubaaqudgha
Qazlal
Ru
Uskayaw
Vehumet
Yredelemnul
The Shining One

Annotations:
D:3 1 runed translucent door
D:5 3 runed translucent doors, Leeroy's ghost, amateur OpTm


Innate Abilities, Weirdness & Mutations

You have razor-sharp teeth.
Your natural rate of healing is unusually fast.
When hurt, damage is shared between your health and your magic reserves.
Your bite disrupts and absorbs the magic of your enemies.
Potions cannot restore your health.


Message History

The death yak attacks as you move away! The death yak barely misses you.
You are too injured to fight recklessly!
You are too injured to fight recklessly!
You are too injured to fight recklessly!
You are too injured to fight recklessly!
You feel very mighty all of a sudden. The death yak gores you!
* * * LOW HITPOINT WARNING * * *
The death yak bellows!
You hit the death yak. Your bite misses the death yak.
The death yak is lightly wounded.
You hear a bellow!
The death yak gores you!
* * * LOW HITPOINT WARNING * * *
You hit the death yak. You bite the death yak! You drain its power.
You feel invigorated.
The death yak is moderately wounded.
Uskayaw will force your foes to helplessly watch your dance.
You hit the death yak.
Lightning courses through the death yak!
You bite the death yak. You drain its power.
The death yak is heavily wounded.
A death yak comes into view.
The death yak barely misses you.
You hit the death yak.
The death yak is heavily wounded.
The death yak barely misses you.
Uskayaw will force your foes to share their pain.
Uskayaw links your audience in an emotional bond!
You puncture the death yak!
The death yak is severely wounded.
You hit the death yak. You bite the death yak! You drain its power.
The death yak is severely wounded.
The death yak gores you but does no damage.
You hit the death yak but do no damage.
Lightning courses through the death yak!
The death yak is almost dead.
The death yak is no longer sharing its pain. x5
The death yak gores you!!
You die...

#......#.###.#.#
#.#.....# #...#
#.######.# #.#.#
#.#.....# #.#... #.#
#.###.#.###.#.....#
#.###. ..#
#...#..)....#.....###.#
# ###
###.#.................#
###....รท..#.........#
##......##....###.#
##.....#.....# #.#
###@#....######.####
#Y##.......##.#...
#Y##............#
#Y##......).....#
#Y###.####).....# #.#
#.####......# #Y#
#...#.......#
#Y#####.#.Y.....# #
###.#...#.#.#...#.#


You could see 6 death yaks.

Vanquished Creatures
  2 death yaks (D:8)
  Maurice (D:8)
  Maggie (D:6)
  Grinder (D:4)
  Prince Ribbit (D:8)
  Sigmund (D:4)
  Eustachio (D:3)
  Edmund (D:6)
  A water moccasin (D:7)
  A black bear (D:7)
  4 orc warriors
  2 ice beasts
  An ogre (D:7)
  3 centaurs
  Blork the orc (D:4)
  2 bullfrogs
  3 scorpions
  3 killer bees (D:8)
  6 howler monkeys (D:7)
  A human zombie (D:3)
  3 centaur zombies (Ossuary)
  3 hounds
  6 orc priests
  2 iguanas (D:6)
  10 orc wizards
  5 mummies (Ossuary)
  Robin (D:3)
  7 gnolls (Bailey)
  7 adders
  A white imp (D:7)
  A worm (D:2)
  2 dart slugs
  39 orcs
  8 endoplasms
  3 giant cockroaches
  15 goblins
  11 hobgoblins
  8 jackals
  A quokka (D:1)
  7 ball pythons
  3 bats
  3 frilled lizards
  4 hobgoblin zombies (Ossuary)
  9 kobolds
  8 rats
204 creatures vanquished.

Notes
Turn   | Place    | Note
-------+----------+-------------------------------------------
     0 | D:1      | gruber the Vine Stalker Fighter began the quest for the
                  | Orb.
     0 | D:1      | Reached XP level 1. HP: 11/11 MP: 2/2
   149 | D:1      | Reached XP level 2. HP: 16/16 MP: 3/3
   638 | D:1      | Reached XP level 3. HP: 19/19 MP: 4/4
  1290 | D:2      | Gained mutation: Your natural rate of healing is unusually
                  | fast. [Vine Stalker growth]
  1290 | D:2      | Reached XP level 4. HP: 23/23 MP: 5/5
  1685 | D:3      | Found a runed translucent door.
  1685 | D:3      | Noticed a human
  1732 | D:3      | Noticed Robin
  1740 | D:3      | Killed Robin
  1769 | D:3      | Reached XP level 5. HP: 21/27 MP: 6/6
  1785 | D:3      | Found a basalt altar of Yredelemnul.
  1920 | D:3      | Reached skill level 5 in Short Blades
  1941 | D:3      | Found a glowing golden altar of the Shining One.
  2278 | D:4      | Noticed Eustachio
  2311 | D:3      | Killed Eustachio
  2312 | D:3      | Reached XP level 6. HP: 32/32 MP: 4/7
  2451 | D:4      | Noticed Grinder
  2470 | D:4      | Killed Grinder
  2471 | D:4      | Reached XP level 7. HP: 27/35 MP: 8/8
  2486 | D:4      | Noticed Sigmund
  2496 | D:4      | Killed Sigmund
  2684 | D:4      | Noticed Blork the orc
  2691 | D:4      | Killed Blork the orc
  2932 | D:5      | Entered Level 5 of the Dungeon
  2949 | D:5      | Gained mutation: You have razor-sharp teeth. [Vine Stalker
                  | growth]
  2949 | D:5      | Reached XP level 8. HP: 11/40 MP: 3/9
  3502 | D:5      | Found a runed translucent gate.
  3502 | D:5      | Found a runed translucent gate.
  3502 | D:5      | Found a runed translucent gate.
  3502 | D:5      | Found an opulent altar of Gozag.
  3503 | D:5      | Noticed a yak
  3504 | D:5      | Noticed Leeroy's ghost (amateur OpTm)
  3830 | D:6      | Noticed Edmund
  3835 | D:6      | Killed Edmund
  3925 | D:6      | Reached skill level 5 in Fighting
  4138 | D:6      | Noticed Maggie
  4155 | D:6      | Killed Maggie
  4156 | D:6      | Reached XP level 9. HP: 15/49 MP: 4/10
  4368 | D:6      | Found a sand-covered staircase.
  4377 | Ossuary  | Entered an ossuary
  4758 | D:7      | Found a staircase to the Ecumenical Temple.
  4781 | Temple   | Entered the Ecumenical Temple
  4812 | Temple   | Became a worshipper of Uskayaw the Reveller
  4912 | D:7      | Reached * piety under Uskayaw
  4916 | D:7      | Reached ** piety under Uskayaw
  5048 | D:7      | Reached *** piety under Uskayaw
  5167 | D:7      | Reached skill level 5 in Armour
  5201 | D:7      | Reached skill level 2 in Stealth
  5300 | D:7      | Reached skill level 3 in Stealth
  5443 | D:8      | Noticed Prince Ribbit
  5462 | D:8      | Killed Prince Ribbit
  5463 | D:8      | Reached skill level 4 in Stealth
  5547 | D:8      | Reached skill level 5 in Stealth
  5547 | D:8      | Reached XP level 10. HP: 41/56 MP: 7/11
  5551 | D:8      | Reached skill level 6 in Stealth
  5551 | D:8      | Reached **** piety under Uskayaw
  5649 | D:8      | Reached skill level 7 in Stealth
  5678 | D:8      | Noticed Maurice
  5686 | D:8      | Killed Maurice
  5687 | D:8      | Reached skill level 8 in Stealth
  5709 | D:8      | Noticed a death yak
  5711 | D:8      | Noticed a death yak
  5759 | D:8      | Killed a death yak
  5760 | D:8      | Reached skill level 9 in Stealth
  5818 | D:8      | Found a flagged portal.
  5827 | Bailey   | Entered a bailey
  5973 | Bailey   | Reached skill level 1 in Dodging
  6263 | D:8      | Noticed a death yak
  6280 | D:8      | Noticed a death yak
  6298 | D:8      | Noticed a death yak
  6304 | D:8      | Killed a death yak
  6311 | D:8      | Noticed a death yak
  6312 | D:8      | Noticed a death yak
  6318 | D:8      | Noticed a death yak
  6322 | D:8      | Slain by a death yak

Illustrated notes

Levels and vault maps discovered:
D:1:      beargit_arrival_diablo_church, layout_loops_ring,
          minmay_close_crescents
D:2:      layout_loops_ring
D:3:      layout_basic, lemuel_doored_altar, dk_yredelemnul_ordeal, uniq_robin
D:4:      layout_basic, uniq_eustachio, uniq_grinder, uniq_blork_the_orc,
          uniq_sigmund
D:5:      layout_basic, ebering_ghost_gozag, hex_large, saegor_snake_ambush
D:6:      layout_rooms, enter_ossuary_1, chequers_serial_rivers_micro_c,
          minmay_fountain_box, item_on_display_a, uniq_edmund, uniq_maggie
D:7:      layout_loops_ring, minmay_temple_entry_trees, minmay_misc_feat_pillars
D:8:      layout_basic, marbit_many_paths, okawaru_humans, dpeg_lair_monsters,
          enter_bailey_2, dreamdust_princess_corridor, uniq_prince_ribbit1,
          uniq_pikel, uniq_maurice
Temple:   nicolae_temple_superstar

Skill      XL: |  1  2  3  4  5  6  7  8  9 10 |
---------------+-------------------------------+-----
Short Blades   | 2 3 4 6 7 8 |  8.1
Fighting       | 3 6 8 |  8.0
Armour         | 5 |  5.0
Stealth        | 5 9 |  9.5
Dodging        | 3 |  3.5
Shields        | |  2.6

Action                     |  1- 3 |  4- 6 |  7- 9 | 10-12 || total
---------------------------+-------+-------+-------+-------++-------
  Melee: Rapier            |    59 |       |       |       ||    59
         Bite              |    24 |    33 |   125 |    44 ||   226
         Dagger            |    46 |   150 |   362 |   115 ||   673
  Evoke: Wand              |       |       |       |     8 ||     8
    Use: Potion            |       |       |       |     1 ||     1
   Stab: Paralysed         |       |       |     2 |     7 ||     9
         Sleeping          |       |       |       |    16 ||    16
 Armour: Scale mail        |    30 |    35 |    35 |       ||   100
         Ring mail         |       |       |    41 |    15 ||    56
  Dodge: Dodged            |    27 |    40 |   156 |    47 ||   270
  Block: Buckler           |    27 |    16 |    73 |    10 ||   126

Table legend: (Time is in decaauts)
 A = Elapsed time spent in this place.
 B = Non-inter-level travel time spent in this place.
 C = Inter-level travel time spent in this place.
 D = Time resting spent in this place.
 E = Time spent auto-exploring this place.
 F = Levels seen in this place.
 G = Mean time per level.
                   A        B        C        D        E       F      G
               +--------+--------+--------+--------+--------+-----+--------+
         Total |   6132 |   5872 |    260 |      0 |   4482 |  11 |  557.5 |
       Dungeon |   5657 |   5414 |    243 |      0 |   4233 |   8 |  707.1 |
        Temple |     47 |     31 |     16 |      0 |     24 |   1 |   47.0 |
       Ossuary |    161 |    161 |      0 |      0 |     53 |   1 |  161.0 |
        Bailey |    266 |    266 |      0 |      0 |    172 |   1 |  266.0 |
               +--------+--------+--------+--------+--------+-----+--------+

Top non-repeatable levels by time:
     D:1: 999 daAuts
     D:5: 900 daAuts
     D:2: 673 daAuts
     D:7: 658 daAuts
     D:3: 627 daAuts
     D:6: 625 daAuts
     D:4: 593 daAuts
     D:8: 578 daAuts
  Bailey: 266 daAuts
 Ossuary: 161 daAuts
  Temple: 47 daAuts
